 Dungeon Crawl Stone Soup version 0.27-a0-1071-ga85bd9520d (console) character file.

Game seed: 13688209572123824161

360 nht the Cutter (level 6, -3/41 HPs)
             Began as a Demonspawn Earth Elementalist on Apr 24, 2021.
             Was an Initiate of Makhleb.
             Slain by Pikel
             ... wielding a +0 whip of freezing
              (7 damage)
             ... on level 4 of the Dungeon.
             The game lasted 00:07:28 (3278 turns).

nht the Cutter (Demonspawn Earth Elementalist)      Turns: 3278, Time: 00:07:29

Health: -3/41      AC:  5    Str:  9    XL:     6   Next: 38%
Magic:  2/9        EV: 12    Int: 18    God:    Makhleb [......]
Gold:   673        SH:  0    Dex: 13    Spells: 8/9 levels left

rFire    + . .     SeeInvis +   g - +0 short sword (speed)
rCold    + . .     Faith    .   (no shield)
rNeg     . . .     Spirit   .   c - +0 robe
rPois    +         Reflect  .   e - +2 helmet {SInv}
rElec    +         Harm     .   (no cloak)
rCorr    +         Rampage  .   (no gloves)
Will     +....                  (no boots)
Stlth    ++........             (no amulet)
HPRegen  0.13/turn              (no ring)
MPRegen  0.11/turn              (no ring)

@: resistant
A: spiny 1, claws 1, strong-willed 1, MP-powered wands
a: Renounce Religion


You were on level 4 of the Dungeon.
You worshipped Makhleb.
Makhleb was noncommittal.
You visited 2 branches of the dungeon, and saw 6 of its levels.

You collected 753 gold pieces.
You spent 80 gold pieces at shops.

Inventory:

Hand Weapons
 a - a +0 hand axe of freezing
 g - a +0 short sword of speed (weapon)
Missiles
 b - 5 stones
 j - 2 throwing nets
Armour
 c - a +0 robe (worn)
 d - a +1 helmet
 e - a +2 helmet of see invisible (worn)
Wands
 k - a wand of flame (14)
 m - a wand of digging (5)
Scrolls
 f - a scroll of blinking {unknown}
 o - a scroll of silence {unknown}
Potions
 h - a potion of brilliance


   Skills:
 + Level 5.0 Short Blades
 - Level 1.7 Dodging
 - Level 1.7 Stealth
 - Level 2.0 Spellcasting
 - Level 0.8 Transmutations
 - Level 4.0 Earth Magic


You had 8 spell levels left.
You knew the following spells:

 Your Spells              Type           Power      Damage    Failure   Level
a - Sandblast             Erth           32%        2d9       3%          1

Your spell library contained the following spells:

 Spells                   Type           Power      Damage    Failure   Level
 Passwall                 Tmut/Erth      8%         N/A       10%         2
 Stone Arrow              Conj/Erth      18%        3d8       24%         3
 Petrify                  Tmut/Erth      10%        N/A       54%         4
 Lee's Rapid Deconstruct  Erth           8%         3d8*      67%         5


Dungeon Overview and Level Annotations

Branches:
Dungeon (5/15)             Temple (1/1) D:5

Altars:
Ashenzari
Dithmenos
Elyvilon
Fedhas
Gozag
Hepliaklqana
Makhleb
Nemelex Xobeh
Okawaru
Qazlal
Ru
Sif Muna
Trog
Uskayaw
Xom
Yredelemnul
Zin
The Shining One

Shops:
D:2 :!

Annotations:
D:4 Pikel


Innate Abilities, Weirdness & Mutations

You are partially covered in sharp spines.
You have sharp fingernails.
You are strong-willed. (Will+)
You expend magic power (3 MP) to strengthen your wands.


Message History

* * * LOW HITPOINT WARNING * * *
You closely miss Pikel.
Pikel is heavily wounded.
The orc shouts!
You hit Pikel but do no damage.
Pikel is heavily wounded.
Pikel closely misses you.
You hit Pikel.
Pikel is heavily wounded.
You closely miss Pikel.
Pikel is heavily wounded.
Pikel hits you with a +0 whip of freezing!
* * * LOW HITPOINT WARNING * * *
Pikel freezes you.
* * * LOW HITPOINT WARNING * * *
You feel better. Pikel barely misses you.
You closely miss Pikel.
Pikel is heavily wounded.
Pikel hits you with a +0 whip of freezing.
* * * LOW HITPOINT WARNING * * *
You closely miss Pikel.
Pikel is heavily wounded.
You closely miss Pikel.
Pikel is heavily wounded.
Pikel misses you.
You miss Pikel.
Pikel is heavily wounded.
You hit Pikel but do no damage.
Pikel is heavily wounded.
Pikel hits you with a +0 whip of freezing.
* * * LOW HITPOINT WARNING * * *
Pikel freezes you.
* * * LOW HITPOINT WARNING * * *
You hit Pikel.
Pikel is severely wounded.
You miss Pikel.
Pikel is severely wounded.
Pikel is struck by your spines.
Pikel hits you with a +0 whip of freezing!
You die...

......██ ██.....
.█.... .......
........
)....█.██......... ██
..h. ..g........ ..
.... ....... .... .. .
........██.. )█
........█.5███..█
..........Bo5K@.█
............5██.......
...)........██ ...█...
............████.██ .
......██.........█
...................
......††....███....
..................█
...................


You could see Pikel, 3 lemures, an orc and a giant cockroach.

Vanquished Creatures
  An ice beast (D:5)
  An orc priest (D:5)
  Ijyb (D:4)
  2 iguanas (D:5)
  An orc wizard (D:5)
  4 gnolls (D:2)
  5 adders
  2 dart slugs
  4 orcs (D:5)
  4 endoplasms
  5 giant cockroaches
  2 goblins
  3 hobgoblins
  2 jackals (D:4)
  A quokka (D:1)
  5 ball pythons
  A bat (D:1)
  A frilled lizard (D:1)
  5 kobolds
  3 rats
53 creatures vanquished.

Vanquished Creatures (others)
  A plant (D:1)
1 creature vanquished.

Grand Total: 54 creatures vanquished

Notes
Turn   | Place    | Note
-------+----------+-------------------------------------------
     0 | D:1      | nht the Demonspawn Earth Elementalist began the quest for
                  | the Orb.
     0 | D:1      | Reached XP level 1. HP: 13/13 MP: 3/3
    49 | D:1      | Found a faded altar of an unknown god.
   469 | D:1      | Gained mutation: You are partially covered in sharp spines.
                  | [demonic ancestry]
   469 | D:1      | Reached XP level 2. HP: 19/19 MP: 1/5
  1232 | D:2      | Found Taoniemm's Book Boutique.
  1396 | D:2      | Reached XP level 3. HP: 20/24 MP: 0/6
  1463 | D:2      | Reached skill level 1 in Short Blades
  1720 | D:2      | Found Bugyont's General Store.
  1733 | D:2      | Reached XP level 4. HP: 30/30 MP: 5/7
  1760 | D:2      | Reached skill level 2 in Short Blades
  2064 | D:2      | Found Ryroget's Distillery.
  2072 | D:2      | Bought a potion of heal wounds for 50 gold pieces
  2072 | D:2      | Bought a potion of curing for 30 gold pieces
  2318 | D:4      | Noticed Ijyb
  2330 | D:4      | Killed Ijyb
  2334 | D:4      | Identified 2 scrolls of acquirement
  2334 | D:4      | Acquired 660 gold pieces
  2336 | D:4      | Noticed an ogre
  2345 | D:5      | Entered Level 5 of the Dungeon
  2505 | D:5      | Reached skill level 3 in Short Blades
  2516 | D:5      | Reached XP level 5. HP: 8/35 MP: 0/8
  2526 | D:5      | Acquired a +2 helmet of see invisible
  2866 | D:5      | Found a staircase to the Ecumenical Temple.
  2876 | D:5      | Noticed an ice beast
  2883 | D:5      | Killed an ice beast
  2884 | D:5      | Reached skill level 4 in Short Blades
  2884 | D:5      | Reached XP level 6. HP: 41/41 MP: 4/9
  2896 | Temple   | Entered the Ecumenical Temple
  2903 | Temple   | Became a worshipper of Makhleb the Destroyer
  3177 | D:5      | Noticed a water moccasin
  3234 | D:4      | Reached skill level 5 in Short Blades
  3241 | D:4      | Noticed Pikel
  3257 | D:4      | Gained mutation: You have sharp fingernails. [potion of
                  | mutation]
  3257 | D:4      | Gained mutation: You expend magic power (3 MP) to
                  | strengthen your wands. [potion of mutation]
  3257 | D:4      | Gained mutation: You are strong-willed. (Will+) [potion of
                  | mutation]
  3278 | D:4      | Slain by Pikel

Illustrated notes

Levels and vault maps discovered:
D:1:      nicolae_arrival_memento_mori, layout_basic,
          shapermc_ecumenical_altar_mp_ritualfount
D:2:      layout_basic, serial_shops, shop, shop, shop
D:3:      minmay_inner_zag, layout_loops_ring, st_stairs_7, uniq_terence
D:4:      layout_cave_pools, general_overflow_altar, uniq_ijyb, uniq_pikel
D:5:      layout_loops_corners, kennysheep_mini_moat, minmay_temple_entry_tees
Temple:   nicolae_temple_no_exploring_needed

Skill      XL: |  1  2  3  4  5  6 |
---------------+-------------------+-----
Earth Magic    | 3 4 |  4.0
Short Blades   | 1 3 4 5 |  5.0
Dodging        | |  1.7
Stealth        | |  1.7
Spellcasting   | |  2.0
Transmutations | |  0.8

Action                   |  1- 3 |  4- 6 || total
-------------------------+-------+-------++-------
Melee: Hand axe          |    11 |       ||    11
       Short sword       |       |    33 ||    33
 Cast: Sandblast         |    37 |    61 ||    98
Evoke: Wand              |       |     8 ||     8
  Use: Scroll            |       |     8 ||     8
       Potion            |       |     7 ||     7
 Stab: Sleeping          |       |     2 ||     2
Armor: Robe              |     3 |     4 ||     7
Dodge: Dodged            |     9 |    21 ||    30

Table legend: (Time is in decaauts)
 A = Elapsed time spent in this place.
 B = Non-inter-level travel time spent in this place.
 C = Inter-level travel time spent in this place.
 D = Time resting spent in this place.
 E = Time spent auto-exploring this place.
 F = Levels seen in this place.
 G = Mean time per level.
                   A        B        C        D        E       F      G
               +--------+--------+--------+--------+--------+-----+--------+
         Total |   3269 |   3176 |     93 |     66 |   2662 |   6 |  544.8 |
       Dungeon |   3247 |   3166 |     81 |     61 |   2662 |   5 |  649.4 |
        Temple |     22 |     10 |     12 |      5 |      0 |   1 |   22.0 |
               +--------+--------+--------+--------+--------+-----+--------+

Top non-repeatable levels by time:
     D:1: 1122 daAuts
     D:2: 1064 daAuts
     D:5: 852 daAuts
     D:3: 130 daAuts
     D:4: 77 daAuts
  Temple: 22 daAuts
